 Dungeon Crawl Stone Soup version 0.30-a0-341-g682706514a (webtiles) character file.

Game seed: 6689234358200781892

3 Faman the Caller (level 1, 10/10 HPs)
             Began as a Deep Elf Summoner on Oct 31, 2022.
             Quit the game on level 1 of the Dungeon on Nov 1, 2022.
             The game lasted 00:08:38 (531 turns).

Faman the Caller (Deep Elf Summoner)                 Turns: 531, Time: 00:08:39

Health: 10/10      AC:  2    Str:  3 (5)  XL:     1   Next: 41%
Magic:  5/6        EV: 12    Int: 16 (19) God:
Gold:   39         SH:  0    Dex: 14 (15) Spells: 5/6 levels left

rFire   . . .      SeeInvis .    (no weapon)
rCold   . . .      Faith    .    (no shield)
rNeg    . . .      Spirit   .    a - +0 robe
rPois   .          Reflect  .    (no helmet)
rElec   .          Harm     .    (no cloak)
rCorr   .          Rampage  .    (no gloves)
Will    .....                    (no boots)
Stlth   ++........               (no amulet)
HPRegen 0.21/turn                (no ring)
MPRegen 0.10/turn                (no ring)

@: no status effects
A: no striking features
a: no special abilities


You were on level 1 of the Dungeon.
You visited 1 branch of the dungeon, and saw 1 of its levels.

You collected 39 gold pieces.

Inventory:

Hand Weapons
 e - a +0 dagger
Armour
 a - a +0 robe (worn)
Scrolls
 d - 2 scrolls of enchant armour {unknown}
Potions
 b - a potion of magic


   Skills:
 + Level 2.4 Dodging
 + Level 2.4 Stealth
 + Level 3.0 Spellcasting
 + Level 4.5 Summonings


You had 5 spell levels left.
You knew the following spells:

 Your Spells              Type           Power      Damage    Failure   Level
a - Summon Small Mammal   Summ           68%        N/A       2%          1

Your spell library contained the following spells:

 Spells                   Type           Power      Damage    Failure   Level
 Call Imp                 Summ           17%        N/A       4%          2
 Call Canine Familiar     Summ           17%        N/A       9%          3
 Sandblast                Erth           4%         2d4       19%         1
 Summon Guardian Golem    Hex/Summ       9%         N/A       22%         3
 Passwall                 Tmut/Erth      1%         N/A       28%         2
 Stone Arrow              Conj/Erth      4%         3d7       50%         3
 Summon Lightning Spire   Summ/Air       9%         N/A       58%         4


Dungeon Overview and Level Annotations

Branches:
Dungeon (1/15)

Altars:


Message History

Your bat completely misses the frilled lizard.
Your rat bites the frilled lizard.
The frilled lizard dies!
What are your orders? t - Shout!
Orders for allies: a - Attack new target. r - Retreat! s - Stop attacking. g - Guard the area. f - Follow me.
Anything else - Cancel.
Gang up on whom?
Press: ? - help, Dir - move target, f - kobold
Aim: a kobold, wielding a +0 club Attack!
Your bat closely misses the kobold.
The kobold hits your bat with a +0 club.
Your bat closely misses the kobold.
Your bat completely misses the kobold.
The kobold hits your rat but does no damage.
Your rat barely misses the kobold.
The kobold hits your rat with a +0 club.
Your rat dies!
Your rat's corpse disappears in a puff of smoke!
You swap places.
You swap places.
Your bat closely misses the kobold.
Casting: Summon Small Mammal (safe; 2% risk of failure)
Press: ? - help, Q - select action Dir - look around, f - activate Your bat barely misses the kobold.
Your bat hits the kobold but does no damage.
The kobold hits your bat with a +0 club.
Your bat dies!
Your bat's corpse disappears in a puff of smoke!
Your bat closely misses the kobold.
Your bat hits the kobold. Your bat hits the kobold.
Your bat hits the kobold but does no damage. x2
Your bat closely misses the kobold.
A kobold is nearby!
Welcome back, Faman the Deep Elf Summoner.
Press ? for a list of commands and other information.
Unknown command.
Are you sure you want to abandon this character and quit the game? (Confirm with "yes".)

#####.#.#...............
#.......#######...##
#####.#########..)#
#....b..........##
#K#.#######..P...# #.#.#
#$.PP..# #.#.# #.......
###.#.##... .$...#..
#..@......#........#
#.#.#.......#.######
#.#.#####.#.#.# . #.#
..... ## #.. ###


You could see a kobold.

Vanquished Creatures
  A ball python (D:1)
1 creature vanquished.

Vanquished Creatures (collateral kills)
  A ball python (D:1)
  A frilled lizard (D:1)
  A kobold (D:1)
3 creatures vanquished.

Grand Total: 4 creatures vanquished

Notes
Turn   | Place    | Note
-------+----------+-------------------------------------------
     0 | D:1      | Faman the Deep Elf Summoner began the quest for the Orb.
     0 | D:1      | Reached XP level 1. HP: 10/10 MP: 6/6
   531 | D:1      | Quit the game

Illustrated notes

Levels and vault maps discovered:
D:1:      evilmike_arrival_plus, layout_loops_ring, serial_park_tiny_1

Action                   || total
-------------------------++-------
Melee: Unarmed           ||     8
 Cast: Summon Small Mamm ||    17
  Use: Potion            ||     2
 Stab: Sleeping          ||     1
Dodge: Dodged            ||    13

Table legend: (Time is in decaauts)
 A = Elapsed time spent in this place.
 B = Non-inter-level travel time spent in this place.
 C = Inter-level travel time spent in this place.
 D = Time resting spent in this place.
 E = Time spent auto-exploring this place.
 F = Levels seen in this place.
 G = Mean time per level.
                   A        B        C        D        E       F      G
               +--------+--------+--------+--------+--------+-----+--------+
         Total |    531 |    248 |    283 |      0 |    146 |   1 |  531.0 |
       Dungeon |    531 |    248 |    283 |      0 |    146 |   1 |  531.0 |
               +--------+--------+--------+--------+--------+-----+--------+

Top non-repeatable levels by time:
     D:1: 531 daAuts
